 Dungeon Crawl Stone Soup version 0.14.0-25-g43f8a4e (webtiles) character file.

251873 KaKa the Shatterer (level 20, -2/226 HPs)
             Began as an Ogre Hunter on Apr 24, 2014.
             Was the Champion of Okawaru.
             Slain by a red devil
             ... wielding a +0,+0 trident
             ... summoned by a deep elf sorcerer
              (9 damage)
             ... on Level 3 of the Elven Halls.
             The game lasted 05:42:58 (45811 turns).

KaKa the Shatterer (Ogre Hunter)                   Turns: 45811, Time: 05:42:59

HP  -2/226       AC 16     Str 25      XL: 20   Next: 37%
MP  32/36        EV 11     Int 10      God: Okawaru [******]
Gold 3447        SH  0     Dex 18      Spells:  6 memorised, 17 levels left

rFire  + . .     SeeInvis +     b - +5 giant spiked club (protect)
rCold  + + .     Clarity  +     x - +2 robe {rC+ rF+}
rNeg   + . .     Conserve +     (shield restricted)
rPois  .         rCorr    +     Z - +1 hat {SInv}
rElec  +         rRot     .     n - +1 cloak {rCorr, Cons}
SustAb . .       Spirit   .     (gloves unavailable)
rMut   .         Warding  .     (boots unavailable)
Saprov + . .     Stasis   .     l - amulet of the Four Winds {Clar rN+ MR+++}
MR     +++++                    K - ring of Mistrust {+Rage +Fly rElec Dex+2}
                                g - ring of Crossoss {rC+ Str+3 Stlth+}

@: repel missiles, stone skin, about to teleport, drained, almost entirely
resistant to hostile enchantments, fairly stealthy
A: unfitting armour, fangs 1, hooves 1, fast metabolism 1, regeneration 1,
saprovore 1, tough skin 1
a: Heroism, Finesse, Renounce Religion, Evoke Berserk Rage, Evoke Flight


You were on level 3 of the Elven Halls.
You worshipped Okawaru.
Okawaru was exalted by your worship.
You were not hungry.

You visited 8 branches of the dungeon, and saw 40 of its levels.
You visited the Abyss 1 time.
You also visited: Labyrinth, Sewer and Bailey.

You collected 4080 gold pieces.
You spent 633 gold pieces at shops.

Inventory:

Hand weapons
 b - a +5,+5 giant spiked club of protection (weapon)
 H - the +7,+0 giant club of Desertification {freeze, Int+3}
   (Okawaru gifted it to you on level 4 of the Spider Nest)

   It has been specially enchanted to freeze those struck by it, causing extra
   injury to most foes and up to double damage against particularly susceptible
   opponents.
   It can also slow down cold-blooded creatures.
   It affects your intelligence (+3).
Missiles
 Y - 4 large rocks (quivered)
Armour
 n - a +1 cloak of preservation (worn)
 x - a +2 robe of resistance (worn)
 S - the +2 hat "Ashreag" {rC++ Acc+3}
   (Okawaru gifted it to you on level 2 of the Spider Nest)

   It affects your accuracy with ranged weapons and melee attacks (+3).
   It greatly protects you from cold.
 Z - a +1 hat of see invisible (worn)
Magical devices
 i - a wand of fireball (1)
 k - a wand of cold (8)
 o - a wand of lightning (5)
 t - a wand of disintegration (13)
 B - a wand of draining (1)
 E - a wand of digging (5)
 J - a wand of confusion (6)
 P - a wand of hasting (6)
 T - a wand of digging (12)
Comestibles
 f - 7 meat rations
 M - 11 grapes
Scrolls
 e - 7 scrolls of teleportation
 h - 3 scrolls of identify
 j - 5 scrolls of remove curse
 m - a scroll of enchant weapon III
 r - a scroll of magic mapping
 u - a scroll of fear
 C - a scroll of recharging
 N - 2 scrolls of holy word {unknown}
 O - a scroll of summoning
 R - 2 scrolls of fog
Jewellery
 c - an uncursed ring of wizardry
 d - an uncursed ring of poison resistance
 g - the ring of Crossoss (left hand) {rC+ Str+3 Stlth+}
   (You found it in a labyrinth)

   [ring of protection from cold]

   It affects your strength (+3).
   It makes you much more stealthy.
 l - the amulet of the Four Winds (around neck) {Clar rN+ MR+++}
   (You found it in a labyrinth)

   [amulet of clarity]

   It protects you from negative energy.
   It affects your resistance to hostile enchantments.
 y - a +2 ring of strength
 z - an uncursed ring of wizardry
 D - an uncursed ring of protection from fire
 K - the ring of Mistrust (right hand) {+Rage +Fly rElec Dex+2}
   (You acquired it on level 4 of the Orcish Mines)

   [ring of flight]

   It affects your dexterity (+2).
   It insulates you from electricity.
   It lets you go berserk.
 L - an uncursed ring of sustenance
 V - an uncursed ring of sustenance
 W - an uncursed ring of sustenance
Potions
 a - 4 potions of agility
 p - 3 potions of haste
 q - 4 potions of resistance
 s - 2 potions of might
 w - 7 potions of curing
 F - 2 potions of magic
 G - 2 potions of invisibility
 U - a potion of brilliance
 X - a potion of strong poison {unknown}
Books
 v - a book of Unlife

   Spells                             Type                      Level
   Recall                             Summoning/Translocation      3
   Animate Dead                       Necromancy                   4
   Control Undead                     Necromancy                   4
   Twisted Resurrection               Necromancy                   5
   Death Channel                      Necromancy                   6
   Simulacrum                         Ice/Necromancy               6
 A - a book of Maledictions

   Spells                             Type                      Level
   Corona                             Hexes                        1
   Sure Blade                         Hexes/Charms                 2
   Ensorcelled Hibernation            Hexes/Ice                    2
   Confuse                            Hexes                        3
   Enslavement                        Hexes                        4
   Invisibility                       Hexes                        6
Miscellaneous
 I - a stone of tremors


   Skills:
 - Level 19.0(18.0) Fighting
 - Level 22.0(21.0) Maces & Flails
 - Level 4.3(3.6) Throwing
 - Level 2.0(1.4) Armour
 - Level 3.3(2.6) Dodging
 - Level 1.0(0.4) Stealth
 - Level 10.0(9.2) Spellcasting
 - Level 4.0(3.3) Hexes
 - Level 14.0(13.1) Charms
 + Level 7.0(6.3) Transmutations
 + Level 7.2(6.5) Earth Magic
 - Level 7.5(6.8) Invocations


You had 17 spell levels left.
You knew the following spells:

 Your Spells              Type           Power        Failure   Level  Hunger
a - Stoneskin             Trmt/Erth      ###.......   1%          2    #......
b - Spectral Weapon       Hex/Chrm       ###.....     1%          3    ###....
d - Haste                 Chrm           ####....     14%         6    #######
e - Repel Missiles        Chrm/Air       ###...       1%          2    #......
f - Regeneration          Chrm/Necr      ###.......   3%          3    ###....
i - Statue Form           Trmt/Erth      ###.......   99%         6    #######


Dungeon Overview and Level Annotations

Branches:
Dungeon (15/15)            Temple (1/1) D:6             Orc (4/4) D:12
    Elf (3/3) Orc:3          Lair (8/8) D:9           Swamp (4/5) Lair:4
 Spider (4/5) Lair:5        Slime (0/6) Lair:7       Vaults (0/5) D:13
 Depths (1/5) D:15

Altars:
Ashenzari
Cheibriados
Dithmenos
Elyvilon
Fedhas
Kikubaaqudgha
Makhleb
Nemelex Xobeh
Okawaru
Sif Muna
Trog
Vehumet
Xom
Yredelemnul
Zin
The Shining One
Beogh

Shops:
Orc:2 *   Orc:3 *   Orc:4 *?[?

Portals:
Hell: Depths:1

Annotations:
D:6 Dirian's ghost, experienced FoEE
Depths:1 the Enchantress


Innate Abilities, Weirdness & Mutations

You are too large for most types of armour.
You have a fast metabolism.
You can tolerate rotten meat.
You have tough skin (AC +1).*
You have very sharp teeth.*
You have large cloven feet.*
Your natural rate of healing is unusually fast.


Message History

The deep elf sorcerer is heavily wounded.
The deep elf sorcerer gestures at you while chanting.
The bolt of negative energy hits you! You partially resist.
You feel drained.
* * * LOW HITPOINT WARNING * * *
The red devil hits you from afar with a trident!
* * * LOW HITPOINT WARNING * * *
The tormentor hits you but does no damage. x2
The deep elf master archer unwields an uncursed longbow.
The deep elf master archer hits you but does no damage.
The blue devil hits you.
* * * LOW HITPOINT WARNING * * *
Drink which item? (? for menu, Esc to quit)
You feel better.
The deep elf sorcerer hits you with a long sword!
* * * LOW HITPOINT WARNING * * *
The neqoxec gestures.
The tormentor closely misses you.
The tormentor hits you but does no damage.
The red devil hits you from afar with a trident!
You die...

#.)##.###...(###....)....##*,,,,
##..##..##.....##.........#*,,,,,
....######......#.........#.,,,,,
##..# #...................,,,,
#..## #.......(...........,,,,
#...#####...........%.......,,,,
#.#.##.###.....(54.5.......,,,,*
#.<....# ##(...2e(3.....⌠..,,,**
#....#.# *#....@45##.......,,,*
#....f.#*#......e##e......,,,,**
##...####.......##,,......,,,,*,
##)..####......##,,,,.,...,***+,
#......#########,,,,,,,,.,,* ,,,
##...###*,,,**,,,,,,,,,,,,**,,,,
##.## *,,,,*,,,,,,,,,,,***,,,,
### *,,,,+*,,,,,,,,***,,,,,,
**,,,,***********,,,,,,*


You could see a deep elf master archer, a deep elf sorcerer, a tormentor, a blue
devil, a neqoxec, a red devil, an iron imp, a quasit and a crimson imp.

Vanquished Creatures
  Asterion (Elf:2)
  2 deep elf blademasters (Elf:3)
  A deep elf master archer (Elf:3)
  A tentacled starspawn (Abyss:1)
  A thorn hunter (Swamp:4)
  Rupert (Spider:4)
  A tengu reaver (Depths:1)
  A fire giant (Depths:1)
  A ghoul (Swamp:3)
  Maud (Lair:8)
  4 deep elf sorcerers
  A cacodemon (Abyss:1)
  3 emperor scorpions
  A ghost moth (Spider:2)
  A stone giant (Depths:1)
  10 deep elf demonologists
  A dire elephant (Depths:1)
  7 deep elf annihilators (Elf:3)
  A black draconian (Abyss:1)
  2 deep elf death magi (Elf:3)
  A minotaur (Lab)
  A fire dragon (Depths:1)
  Josephine (D:12)
  A yaktaur captain (Depths:1)
  3 deep elf high priests (Elf:3)
  Harold (D:15)
  Nessos (Spider:2)
  5 hydras
  An alligator (shapeshifter) (D:15)
  A shambling mangrove (Swamp:3)
  4 alligators
  3 deep troll earth magi (Depths:1)
  13 death yaks
  A tengu warrior (D:15)
  2 ogre magi
  2 deep troll shamans (Depths:1)
  6 centaur warriors
  A sun demon (Abyss:1)
  A thrashing horror (Abyss:1)
  Urug (D:10)
  6 orc high priests
  4 very ugly things
  Nergalle (Lair:1)
  2 wretched stars (Abyss:1)
  2 unseen horrors
  3 deep elf knights
  A shadow wraith (Abyss:1)
  A catoblepas (Lair:4)
  4 deep trolls
  5 skeletal warriors (D:12)
  A spatial maelstrom (Abyss:1)
  3 spriggan druids
  10 orb spiders
  A shadow demon (Elf:3)
  A swamp dragon (shapeshifter) (D:15)
  3 deep elf summoners
  2 orc knights (Orc:1)
  5 swamp dragons
  3 hill giants
  9 deep elf conjurers
  22 wolf spiders
  2 giant orange brains
  Joseph (D:10)
  4 orc sorcerers
  5 elephants (Lair:8)
  2 cyclopes
  An apocalypse crab (Abyss:1)
  A moth of wrath (Spider:4)
  3 manticores
  A black mamba (shapeshifter) (D:15)
  A sixfirhy (Abyss:1)
  A guardian serpent (D:11)
  Maurice (D:13)
  3 black mambas
  A guardian serpent (shapeshifter) (D:15)
  4 red wasps (Spider:2)
  30 spiny frogs
  2 orange demons (Abyss:1)
  A queen ant (Spider:4)
  A feature mimic (D:13)
  Psyche (D:12)
  3 gargoyles
  2 smoke demons
  A kobold demonologist (D:14)
  13 demonic crawlers
  5 yaktaurs (Depths:1)
  4 trolls
  A centaur zombie (D:13)
  An item mimic (D:11)
  2 tengu conjurers
  2 hell beasts
  2 red devils (Elf:3)
  An iron devil (D:14)
  A hellwing (Elf:3)
  3 giant fireflies
  15 jumping spiders
  An elf (shapeshifter) (D:15)
  A hydra zombie (D:13)
  14 komodo dragons
  13 giant leeches
  A polar bear (Lair:6)
  13 deep elf priests
  35 blink frogs
  2 blue devils (Elf:3)
  5 two-headed ogres
  Prince Ribbit (D:5)
  2 raiju (Abyss:1)
  17 ravens
  47 slime creatures
  11 bog bodies
  A grizzly bear (Lair:2)
  7 basilisks
  A griffon zombie (D:12)
  14 trapdoor spiders
  A redback (shapeshifter) (Elf:1)
  2 wyverns
  28 yaks
  28 ugly things
  17 deep elf magi
  2 thorn lotuses (Swamp:4)
  35 redbacks
  2 water elementals
  A ynoxinul (Elf:2)
  A fire dragon skeleton (D:12)
  3 spriggans
  10 tarantellas
  A spriggan (shapeshifter) (D:15)
  A wraith (Abyss:1)
  2 hill giant zombies
  Eustachio (D:4)
  4 elephant slugs
  2 neqoxecs
  3 hungry ghosts
  10 shadows
  13 sharks
  8 hippogriffs
  3 hill giant skeletons
  18 deep elf fighters
  23 vampire mosquitoes
  2 wargs
  A steam dragon (D:8)
  21 swamp worms
  27 soldier ants
  19 water moccasins
  A mottled dragon (D:14)
  12 wolves
  10 porcupines
  A human skeleton (D:14)
  A black bear (D:9)
  A small abomination (Abyss:1)
  3 ice beasts
  18 spiders
  Purgy (D:4)
  7 sky beasts
  11 giant goldfish
  3 swamp drakes
  28 orc warriors
  4 yellow wasps
  22 ogres
  17 centaurs
  10 crocodiles
  5 phantoms
  8 giant slugs
  34 giant frogs
  8 big kobolds
  10 insubstantial wisps (Swamp:1)
  A cyclops zombie (D:13)
  A gnoll sergeant (D:5)
  2 yaktaur skeletons
  3 scorpions
  2 eyes of draining
  8 wights
  9 electric eels
  2 troll skeletons (D:12)
  10 iguanas
  2 iron imps
  3 quasits
  3 goliath beetles
  7 crimson imps
  5 jellies
  A giant frog zombie (D:6)
  9 hounds
  Crazy Yiuf (D:6)
  29 orc priests
  31 orc wizards
  12 big fish
  3 centaur skeletons
  2 elf skeletons
  A kobold skeleton (D:11)
  4 orange rats
  Natasha (thrice) (D:6)
  39 worker ants
  15 sheep
  An ogre zombie (D:5)
  Jessica (D:3)
  A mottled dragon zombie (D:15)
  21 gnolls
  53 green rats
  34 adders
  3 giant mites
  8 shadow imps
  An inept feature mimic (D:6)
  2 white imps
  7 worms
  An adder zombie (D:4)
  2 adder skeletons
  An iguana skeleton (D:8)
  3 giant eyeballs
  11 giant geckos
  197 orcs
  2 ball pythons
  5 giant cockroaches
  16 goblins
  34 hobgoblins
  8 jackals
  5 oozes
  9 quokkas
  17 bats
  3 giant newts
  A green rat skeleton (Sewer)
  2 green rat zombies (Sewer)
  33 kobolds
  3 orc zombies
  69 rats
  3 rat skeletons (Sewer)
  A rat zombie (Sewer)
  5 ballistomycetes
  2 bushes (Lair:7)
  2 fungi
  7 plants
1775 creatures vanquished.

Vanquished Creatures (others)
  13 spectral weapons
  An orc wizard (Orc:1)
  3 giant spores
  25 fungi (Lair:8)
  14 plants
  2 starspawn tentacles (Abyss:1)
58 creatures vanquished.

Grand Total: 1833 creatures vanquished

Notes
Turn   | Place    | Note
--------------------------------------------------------------
     0 | D:1      | KaKa, the Ogre Hunter, began the quest for the Orb.
     0 | D:1      | Reached XP level 1. HP: 22/22 MP: 1/1
    78 | D:1      | Reached skill level 1 in Stealth
   105 | D:1      | Reached XP level 2. HP: 18/31 MP: 2/2
   758 | D:2      | Reached XP level 3. HP: 32/37 MP: 3/3
   849 | D:2      | Reached XP level 4. HP: 37/45 MP: 4/4
  1404 | D:2      | Reached skill level 5 in Maces & Flails
  1568 | D:3      | Reached XP level 5. HP: 48/53 MP: 5/5
  1588 | D:3      | Reached skill level 6 in Maces & Flails
  1952 | D:3      | Noticed Jessica
  1963 | D:3      | Killed Jessica
  2030 | D:3      | Found a basalt altar of Yredelemnul.
  2234 | D:3      | Reached skill level 7 in Maces & Flails
  2288 | D:3      | Reached XP level 6. HP: 46/61 MP: 6/6
  2547 | D:4      | Reached skill level 8 in Maces & Flails
  2673 | D:4      | Noticed Eustachio
  2746 | D:4      | Killed Eustachio
  2746 | D:4      | Reached skill level 9 in Maces & Flails
  2746 | D:4      | Reached XP level 7. HP: 16/67 MP: 7/7
  2771 | D:5      | Entered Level 5 of the Dungeon
  3059 | D:4      | Reached skill level 10 in Maces & Flails
  3083 | D:4      | Found a glowing drain.
  3104 | Sewer    | Entered a sewer
  3273 | Sewer    | HP: 3/67 [orange rat (4)]
  3523 | Sewer    | Reached skill level 11 in Maces & Flails
  3523 | Sewer    | Reached XP level 8. HP: 40/75 MP: 8/8
  4018 | D:4      | Reached skill level 12 in Maces & Flails
  4389 | D:4      | Noticed Purgy
  4396 | D:4      | Killed Purgy
  4628 | D:4      | Reached skill level 13 in Maces & Flails
  4815 | D:5      | Reached XP level 9. HP: 77/81 MP: 9/9
  4855 | D:5      | Reached skill level 14 in Maces & Flails
  4860 | D:5      | Noticed Prince Ribbit
  4877 | D:5      | Killed Prince Ribbit
  5288 | D:5      | Reached skill level 15 in Maces & Flails
  5474 | D:6      | Noticed Natasha
  5535 | D:6      | Found a bloodstained altar of Trog.
  5826 | D:6      | Reached skill level 16 in Maces & Flails
  5869 | D:6      | Found a staircase to the Ecumenical Temple.
  5881 | Temple   | Entered the Ecumenical Temple
  6112 | Temple   | Became a worshipper of Warmaster Okawaru
  6172 | D:6      | Killed Natasha
  6263 | D:6      | Noticed Dirian's ghost (experienced FoEE)
  6282 | D:6      | HP: 3/81 [Dirian's ghost/blast of rock fragments (20)]
  6378 | D:6      | Noticed Crazy Yiuf
  6385 | D:6      | Killed Crazy Yiuf
  6688 | D:6      | Reached XP level 10. HP: 32/91 MP: 10/10
  6775 | D:6      | Noticed Natasha
  6779 | D:6      | Killed Natasha
  6806 | D:6      | Noticed Natasha
  6811 | D:6      | Killed Natasha
  6975 | D:7      | Found a staircase to the Ecumenical Temple.
  7007 | D:7      | Found a burning altar of Makhleb.
  7149 | D:7      | Found a flagged portal.
  7168 | Bailey   | Entered a bailey
  7570 | Bailey   | Reached skill level 17 in Maces & Flails
  8391 | D:8      | Acquired Okawaru's first power
  8410 | D:8      | Reached skill level 1 in Invocations
  8860 | D:8      | Reached skill level 18 in Maces & Flails
  9200 | D:9      | Paralysed by a giant eyeball for 4 turns
  9508 | D:9      | Found a staircase to the Lair.
  9798 | D:9      | Reached XP level 11. HP: 60/97 MP: 17/17
  9801 | D:9      | Reached skill level 19 in Maces & Flails
 10232 | Lair:1   | Entered Level 1 of the Lair of Beasts
 10444 | Lair:1   | Reached skill level 20 in Maces & Flails
 10506 | Lair:1   | Found a labyrinth entrance.
 10514 | Lab      | Entered a labyrinth
 11404 | Lab      | Noticed a minotaur
 11423 | Lab      | Killed a minotaur
 11448 | Lab      | Got a glittering lead ring
 11458 | Lab      | Identified the ring of Crossoss {rC+ Str+3 Stlth+} (You found it in a labyrinth)
 11459 | Lab      | Identified a +3 rod of the swarm (14/14) (You found it in a labyrinth)
 11836 | Lair:1   | Noticed Nergalle
 12010 | D:10     | Entered Level 10 of the Dungeon
 12056 | D:10     | Reached skill level 21 in Maces & Flails
 12098 | D:10     | Noticed Joseph
 12113 | D:10     | Killed Joseph
 12236 | D:10     | Reached XP level 12. HP: 92/105 MP: 15/18
 12279 | D:10     | Noticed Urug
 12295 | D:10     | Killed Urug
 12554 | Lair:1   | Killed Nergalle
 12644 | Lair:1   | Acquired Okawaru's second power
 12729 | Lair:1   | Reached skill level 22 in Maces & Flails
 13253 | Lair:2   | Reached skill level 1 in Armour
 13871 | Lair:2   | Reached skill level 5 in Fighting
 13984 | Lair:1   | Learned a level 2 spell: Stoneskin
 13988 | Lair:1   | Learned a level 3 spell: Spectral Weapon
 14216 | Lair:3   | Received a gift from Okawaru
 14217 | Lair:3   | Got a steaming hat {god gift}
 14220 | Lair:3   | Identified the +2 hat of Mental Paralysis {rElec} (Okawaru gifted it to you on level 3 of the Lair of Beasts)
 14253 | Lair:3   | Noticed a five-headed hydra
 14259 | Lair:3   | Killed a five-headed hydra
 14259 | Lair:3   | Reached skill level 1 in Transmutations
 14259 | Lair:3   | Reached skill level 1 in Earth Magic
 14490 | Lair:3   | Noticed a five-headed hydra
 14509 | Lair:3   | Killed a five-headed hydra
 15404 | Lair:3   | Reached XP level 13. HP: 120/124 MP: 19/19
 15634 | Lair:4   | Found a staircase to the Swamp.
 16638 | Lair:5   | Found a hole to the Spider Nest.
 16833 | Lair:5   | Received a gift from Okawaru
 17884 | Lair:6   | Reached skill level 10 in Fighting
 17891 | Lair:6   | Reached skill level 5 in Earth Magic
 17937 | Lair:6   | Reached skill level 5 in Transmutations
 18039 | Lair:6   | Got a twisted flail
 18052 | Lair:6   | Identified the +10,+10 flail of Fedhas' Wrath {flame, +Rage} (You found it on level 6 of the Lair of Beasts)
 18836 | Lair:7   | Reached skill level 1 in Spellcasting
 18982 | Lair:7   | Found a staircase to the Slime Pits.
 19170 | Lair:8   | Entered Level 8 of the Lair of Beasts
 19194 | Lair:7   | Reached XP level 14. HP: 51/146 MP: 17/20
 19280 | Lair:7   | Received a gift from Okawaru
 20423 | Lair:8   | Noticed Maud
 20433 | Lair:8   | Killed Maud
 20629 | Lair:8   | Received a gift from Okawaru
 20700 | Lair:8   | Reached skill level 5 in Invocations
 22106 | Lair:8   | Received a gift from Okawaru
 22562 | Lair:1   | Learned a level 6 spell: Statue Form
 22569 | Lair:1   | Learned a level 6 spell: Haste
 22810 | D:11     | Reached skill level 1 in Hexes
 22810 | D:11     | Reached XP level 15. HP: 96/165 MP: 24/26
 22998 | D:11     | Reached skill level 1 in Charms
 23310 | D:12     | Noticed Psyche
 23316 | D:12     | Killed Psyche
 23360 | D:12     | Paralysed by a giant eyeball for 2 turns
 23400 | D:12     | Received a gift from Okawaru
 23400 | D:12     | Reached skill level 15 in Fighting
 23584 | D:12     | Noticed Josephine
 23591 | D:12     | Killed Josephine
 24482 | D:12     | Found a staircase to the Orcish Mines.
 25228 | Orc:1    | Entered Level 1 of the Orcish Mines
 25732 | Orc:2    | Found Wumutequpp's Assorted Antiques.
 25738 | Orc:2    | Bought a glass ring for 155 gold pieces
 25738 | Orc:2    | Bought a scroll labeled GAITOK RIMONU for 31 gold pieces
 25738 | Orc:2    | Bought a bubbling black potion for 27 gold pieces
 25738 | Orc:2    | Bought a scroll labeled XOVUGREOVE for 31 gold pieces
 26125 | Orc:1    | Found a roughly hewn altar of Beogh.
 27228 | Orc:3    | Found a staircase to the Elven Halls.
 27408 | Orc:3    | Found Nudaluxe's Assorted Antiques.
 27417 | Orc:3    | Bought a scroll labeled PSIBEIFFACH for 22 gold pieces
 27417 | Orc:3    | Bought a scroll labeled PSIBEIFFACH for 22 gold pieces
 27508 | Orc:4    | Entered Level 4 of the Orcish Mines
 27935 | Orc:4    | Found a roughly hewn altar of Beogh.
 28674 | Orc:4    | Found Telun's Armour Boutique.
 28674 | Orc:4    | Found Epledir's Magic Scroll Boutique.
 28674 | Orc:4    | Found Ulas Traa's Magic Scroll Shop.
 28682 | Orc:4    | Found Smekir's Assorted Antiques.
 28719 | Orc:4    | Bought a sedimented orange potion for 31 gold pieces
 28719 | Orc:4    | Bought a scroll labeled FEGEWN MUREX for 35 gold pieces
 28767 | Orc:4    | Bought a +2 cloak of magic resistance for 279 gold pieces
 28780 | Orc:4    | Got a slimy golden ring
 28783 | Orc:4    | Identified the ring of Mistrust {+Rage +Fly rElec Dex+2} (You acquired it on level 4 of the Orcish Mines)
 29382 | D:13     | Noticed Maurice
 29396 | D:13     | Killed Maurice
 29686 | D:13     | Noticed Harold
 29881 | D:13     | Found a gate to the Vaults.
 29886 | D:13     | Received a gift from Okawaru
 29891 | D:13     | Identified a +0 cloak of preservation (Okawaru gifted it to you on level 13 of the Dungeon)
 29923 | D:13     | Reached skill level 5 in Charms
 30071 | D:13     | Found a portal to a secret trove of treasure.
 30073 | D:13     | the portal to a secret trove of treasure was a mimic.
 30562 | D:14     | Reached XP level 16. HP: 124/180 MP: 24/27
 31362 | D:15     | Entered Level 15 of the Dungeon
 32326 | D:15     | Killed Harold
 32472 | D:15     | Found a staircase to the Depths.
 32486 | Depths:1 | Entered Level 1 of the Depths
 32645 | Depths:1 | Received a gift from Okawaru
 33369 | Depths:1 | Found a gateway to Hell.
 33456 | Depths:1 | Noticed the Enchantress
 33685 | Lair:1   | Learned a level 2 spell: Repel Missiles
 33689 | Lair:1   | Learned a level 3 spell: Regeneration
 33787 | Swamp:1  | Entered Level 1 of the Swamp
 34229 | Swamp:1  | Reached XP level 17. HP: 179/196 MP: 27/27
 36036 | Swamp:3  | Received a gift from Okawaru
 36232 | Swamp:3  | Reached skill level 10 in Charms
 36288 | Swamp:3  | Cast into the Abyss (spriggan rider)
 36661 | Abyss:1  | Noticed a lich
 36683 | Abyss:1  | Gained mutation: You are very dopey. (Int -4) [a cacodemon]
 36686 | Abyss:1  | Gained mutation: Your magical capacity is low (-10% MP). [a cacodemon]
 36797 | Abyss:1  | Noticed a lich
 36882 | Swamp:3  | Escaped the Abyss
 38607 | Lair:1   | Reached XP level 18. HP: 208/208 MP: 25/25
 38608 | Lair:1   | Paralysed by a potion of paralysis for 2 turns
 38613 | Lair:1   | Lost mutation: Your magical capacity is low (-10% MP). [potion of cure mutation]
 38613 | Lair:1   | Lost mutation: You are dopey. (Int -2) [potion of cure mutation]
 38614 | Lair:1   | Gained mutation: You have very sharp teeth. [potion of beneficial mutation]
 38615 | Lair:1   | Gained mutation: You have a pair of small horns on your head. [potion of beneficial mutation]
 38616 | Lair:1   | Gained mutation: Your natural rate of healing is unusually fast. [potion of beneficial mutation]
 38736 | Spider:1 | Entered Level 1 of the Spider Nest
 38752 | Spider:1 | Reached skill level 5 in Spellcasting
 39223 | Spider:1 | Got a faintly humming robe
 39229 | Spider:1 | Identified the cursed +1 robe of the Leaf {+Rage MR++ Dex+3} (You found it on level 1 of the Spider Nest)
 39387 | Spider:2 | Noticed Nessos
 39574 | Spider:2 | Reached XP level 19. HP: 161/215 MP: 31/32
 39597 | Spider:2 | Killed Nessos
 39655 | Spider:2 | Received a gift from Okawaru
 39656 | Spider:2 | Got a jewelled hat {god gift}
 39660 | Spider:2 | Identified the +2 hat "Ashreag" {rC++ Acc+3} (Okawaru gifted it to you on level 2 of the Spider Nest)
 40272 | Spider:2 | Upgraded the game from 0.14.0-24-gfb45beb to 0.14.0-25-g43f8a4e
 40455 | Spider:3 | Reached skill level 10 in Spellcasting
 40505 | Spider:3 | Gained mutation: You have large cloven feet. [potion of beneficial mutation]
 41715 | Spider:4 | Noticed Rupert
 41720 | Spider:4 | Killed Rupert
 42095 | Spider:4 | Received a gift from Okawaru
 42096 | Spider:4 | Got a smoking giant club {god gift}
 42098 | Spider:4 | Identified the +7,+0 giant club of Desertification {freeze, Int+3} (Okawaru gifted it to you on level 4 of the Spider Nest)
 42567 | Elf:1    | Entered Level 1 of the Elven Halls
 43675 | Elf:2    | Noticed Asterion
 43857 | Elf:2    | Killed Asterion
 44538 | Elf:3    | Entered Level 3 of the Elven Halls
 44799 | Elf:3    | Received a gift from Okawaru
 45224 | Elf:3    | Reached XP level 20. HP: 226/226 MP: 33/36
 45384 | Elf:3    | Lost mutation: You have a pair of small horns on your head. [miscasting Statue Form]
 45810 | Elf:3    | HP: 11/226 [red devil/trident[a deep elf sorcerer] (12)]
 45811 | Elf:3    | Slain by a red devil

Action                   |  1- 3 |  4- 6 |  7- 9 | 10-12 | 13-15 | 16-18 | 19-21 || total
-------------------------+-------+-------+-------+-------+-------+-------+-------++-------
Melee: Club              |    18 |       |       |       |       |       |       ||    18
       Flail             |    33 |    95 |       |       |   865 |       |       ||   993
       Mace              |       |    23 |    95 |       |       |       |       ||   118
       Giant spiked club |       |       |   218 |   765 |   792 |   979 |   621 ||  3375
       Unarmed           |       |       |       |       |       |       |     7 ||     7
Throw: Large rock        |     3 |     5 |    22 |    20 |    29 |    18 |    29 ||   126
       Tomahawk          |    11 |   112 |    73 |   105 |    75 |       |       ||   376
       Throwing net      |       |     2 |     6 |     2 |       |       |     7 ||    17
       Javelin           |       |       |       |       |    13 |     6 |       ||    19
 Cast: Stoneskin         |       |       |       |       |    21 |    40 |    38 ||    99
       Spectral Weapon   |       |       |       |       |     3 |    29 |    31 ||    63
       Repel Missiles    |       |       |       |       |       |     2 |       ||     2
       Regeneration      |       |       |       |       |       |   109 |    63 ||   172
Invok: Heroism           |       |       |       |    10 |    22 |     3 |     7 ||    42
       Finesse           |       |       |       |       |     2 |     1 |     1 ||     4
 Abil: Evoke Flight      |       |       |       |       |       |     1 |       ||     1
Evoke: Wand              |       |       |       |     8 |     9 |     3 |     2 ||    22
  Use: Scroll            |       |     3 |    11 |     9 |    23 |    22 |     7 ||    75
       Potion            |       |       |     2 |    11 |     4 |    13 |     5 ||    35
 Stab: Sleeping          |       |     1 |       |     4 |    12 |     1 |     2 ||    20
       Held in net/web   |       |       |       |     1 |       |       |     2 ||     3
       Distracted        |       |       |       |       |     2 |     9 |     3 ||    14
       Fleeing           |       |       |       |       |       |     1 |       ||     1
